 Dungeon Crawl Stone Soup version 0.29-a0-207-gf982a884d8 (webtiles) character file.

Game seed: 15526462117937167224

275 bande the Covered (level 6, -4/38 HPs)
             Began as a Gargoyle Fighter on Feb 23, 2022.
             Slain by an iguana (6 damage)
             ... on level 4 of the Dungeon.
             The game lasted 00:04:57 (2779 turns).

bande the Covered (Gargoyle Fighter)                Turns: 2779, Time: 00:04:57

Health: -4/38      AC: 14    Str: 20    XL:     6   Next: 24%
Magic:  6/6        EV:  8    Int:  8    God:
Gold:   87         SH:  8    Dex: 11    Spells: 5/5 levels left

rFire   . . .      SeeInvis .   a - +0 war axe
rCold   . . .      Faith    .   j - +0 kite shield
rNeg    + . .      Spirit   .   b - +0 scale mail
rPois   ∞          Reflect  .   (no helmet)
rElec   +          Harm     .   c - +0 cloak
rCorr   .          Rampage  .   (no gloves)
Will    .....                   h - +0 pair of boots
Stlth   ..........              (no amulet)
HPRegen 0.12/turn               (no ring)
MPRegen 0.10/turn               (no ring)

@: no status effects
A: sickness immunity, AC +4, negative energy resistance 1, electricity
resistance, torment resistance 1, petrification resistance
a: no special abilities


You were on level 4 of the Dungeon.
You visited 1 branch of the dungeon, and saw 4 of its levels.

You collected 87 gold pieces.

Inventory:

Hand Weapons
 a - a +0 war axe (weapon)
 k - a +1 flail of protection
Armour
 b - a +0 scale mail (worn)
 c - a +0 cloak (worn)
 h - a +0 pair of boots (worn)
 j - a +0 kite shield (worn)
 l - a +0 tower shield
Jewellery
 f - an amulet of magic regeneration
Wands
 n - a wand of flame (23)
Scrolls
 i - a scroll of teleportation
Potions
 d - a potion of might
 g - 4 potions of heal wounds
 m - a potion of resistance {unknown}
 o - 2 potions of curing {unknown}
 p - 2 potions of magic {unknown}


   Skills:
 + Level 4.0 Fighting
 + Level 4.0 Axes
 + Level 4.6 Armour
 + Level 4.4 Shields


You had 5 spell levels left.
You didn't know any spells.
Your spell library was empty.

Dungeon Overview and Level Annotations

Branches:
Dungeon (4/15)
 Temple: D:4-7

Altars:

Shops:
D:4 (


Innate Abilities, Weirdness & Mutations

You are immune to sickness and miasma.
Your stone body is resilient. (AC +4)
You are immune to poison.
You resist negative energy. (rN+)
You are resistant to electric shocks. (rElec)
You are resistant to unholy torment.
You are immune to petrification.


Message History

An iguana comes into view.
The iguana bites you!
You closely miss the iguana.
The iguana is moderately wounded.
The iguana hisses angrily.
The iguana bites you.
The iguana bites you but does no damage.
You barely miss the iguana.
The iguana is moderately wounded.
The iguana closely misses you.
The iguana hisses menacingly.
You slash the iguana!
You kill the iguana!
Your Axes skill increases to level 4!
You hit the iguana.
The iguana is lightly wounded.
The iguana bites you!
An iguana is nearby!
You are too injured to fight recklessly!
You barely miss the iguana.
The iguana is lightly wounded.
The iguana bites you. The iguana barely misses you.
You hit the iguana but do no damage.
The iguana is lightly wounded.
The iguana bites you but does no damage.
You hit the iguana.
The iguana is moderately wounded.
The iguana barely misses you. The iguana bites you!
* * * LOW HITPOINT WARNING * * *
You closely miss the iguana.
The iguana is lightly wounded.
The iguana closely misses you.
You slash the iguana!
The iguana is almost dead.
You block the iguana's attack. The iguana bites you.
* * * LOW HITPOINT WARNING * * *
You closely miss the iguana.
The iguana is almost dead.
The iguana bites you.
You die...

#..#####...#
#....).....#
#..#####.#.#
#..# #.#.#
####..# #.#.#
##.....# #.#.#
##......#####.#
##..............
#.....@...####.#
.......l...#
##.........#
##.......##
##.....##
##...## .....
##...#


You could see an iguana.

Vanquished Creatures
  An ogre (D:4)
  An orc priest (D:3)
  2 iguanas
  5 adders
  A worm (D:2)
  A dart slug (D:1)
  7 orcs (D:3)
  4 ball pythons
  2 endoplasms (D:4)
  A giant cockroach (D:3)
  5 goblins
  5 hobgoblins
  2 jackals (D:2)
  3 kobolds
  2 quokkas
  5 bats
  4 frilled lizards
  9 rats
60 creatures vanquished.

Notes
Turn   | Place    | Note
-------+----------+-------------------------------------------
     0 | D:1      | bande the Gargoyle Fighter began the quest for the Orb.
     0 | D:1      | Reached XP level 1. HP: 14/14 MP: 1/1
     3 | D:1      | Noticed an electric eel
     4 | D:1      | Noticed an electric eel
   143 | D:1      | Found a faded altar of an unknown god.
   149 | D:1      | Reached XP level 2. HP: 19/19 MP: 2/2
   586 | D:2      | Reached XP level 3. HP: 23/23 MP: 3/3
  1417 | D:3      | Reached XP level 4. HP: 23/29 MP: 4/4
  2080 | D:3      | Reached XP level 5. HP: 33/33 MP: 5/5
  2525 | D:4      | Found Reagaakh's Weapon Shop.
  2639 | D:4      | Noticed an ogre
  2647 | D:4      | Killed an ogre
  2648 | D:4      | Reached XP level 6. HP: 34/38 MP: 6/6
  2779 | D:4      | Slain by an iguana

Illustrated notes

Levels and vault maps discovered:
D:1:      arrival_aquarium_b, layout_rooms, basic_ecumenical_altar
D:2:      layout_basic
D:3:      minmay_angry_zag, layout_basic
D:4:      layout_loops_ring, serial_shops, shop_statue,
          chequers_serial_rivers_small_3, hangedman_glass_teeth

Skill      XL: |  1  2  3  4  5  6 |
---------------+-------------------+-----
Axes           | 2 3 4 |  4.0
Armour         | 4 |  4.6
Shields        | 4 |  4.4
Fighting       | 4 |  4.0

Action                   |  1- 3 |  4- 6 || total
-------------------------+-------+-------++-------
Melee: War axe           |    83 |   123 ||   206
  Use: Scroll            |     4 |     4 ||     8
Armor: Scale mail        |    60 |    54 ||   114
Dodge: Dodged            |    34 |    46 ||    80
Block: Buckler           |    18 |       ||    18
       Kite shield       |     7 |    52 ||    59

Table legend: (Time is in decaauts)
 A = Elapsed time spent in this place.
 B = Non-inter-level travel time spent in this place.
 C = Inter-level travel time spent in this place.
 D = Time resting spent in this place.
 E = Time spent auto-exploring this place.
 F = Levels seen in this place.
 G = Mean time per level.
                   A        B        C        D        E       F      G
               +--------+--------+--------+--------+--------+-----+--------+
         Total |   2881 |   2881 |      0 |    315 |   1894 |   4 |  720.2 |
       Dungeon |   2881 |   2881 |      0 |    315 |   1894 |   4 |  720.2 |
               +--------+--------+--------+--------+--------+-----+--------+

Top non-repeatable levels by time:
     D:3: 1120 daAuts
     D:2: 895 daAuts
     D:1: 453 daAuts
     D:4: 411 daAuts
